 Dungeon Crawl Stone Soup version 0.15-a0-1880-g53e602b (webtiles) character file.

66 Kenran the Cudgeler (level 4, -9/28 HPs)
             Began as a Gargoyle Fighter on July 5, 2014.
             Killed from afar by Sigmund (12 damage)
             ... with a puff of flame
             ... on Level 2 of the Dungeon.
             The game lasted 00:02:37 (1398 turns).

Kenran the Cudgeler (Gargoyle Fighter)              Turns: 1398, Time: 00:02:37

HP  -9/28        AC 10     Str 21      XL: 4   Next: 15%
MP   4/4         EV  6     Int  8      God:
Gold 103         SH  9     Dex  9      Spells:  0 memorised,  3 levels left

rFire  . . .     SeeInvis .     a - +0 flail
rCold  . . .     Clarity  .     b - +0 scale mail
rNeg   + . .     rCorr    .     c - +0 shield
rPois  +         rRot     +     (no helmet)
rElec  +         Spirit   .     (no cloak)
SustAb .         Warding  .     (no gloves)
rMut   .         Stasis   .     (no boots)
Gourm  .                        (no amulet)
MR     .....                    (no ring)
                                (no ring)

@: not resistant to hostile enchantments, extremely unstealthy
A: negative energy resistance 1, electricity resistance, unbreathing,
petrification resistance, rot immunity, AC +3
a: no special abilities


You were on level 2 of the Dungeon.
You were full.

You visited 1 branch of the dungeon, and saw 2 of its levels.

You collected 103 gold pieces.

Inventory:

Hand weapons
 a - a +0 flail (weapon)
Armour
 b - a +0 scale mail (worn)
 c - a +0 shield (worn)
Comestibles
 d - a bread ration
 i - a rotting chunk of hobgoblin flesh
 o - a meat ration
Scrolls
 g - a scroll of teleportation
 h - a scroll of identify
 j - a scroll of enchant weapon {unknown}
Potions
 e - 3 potions of might
 f - a potion of magic
 l - a potion of paralysis {unknown}
 n - 2 potions of heal wounds {unknown}
 p - a potion of curing {unknown}


   Skills:
 - Level 3.2 Fighting
 + Level 4.3 Maces & Flails
 - Level 3.2 Armour
 - Level 3.2 Shields


You had 3 spell levels left.
You didn't know any spells.

Dungeon Overview and Level Annotations

Branches:
Dungeon (2/15)

Altars:
Gozag
Xom

Annotations:
D:2 Sigmund


Innate Abilities, Weirdness & Mutations

You are resistant to torment.
You are immune to poison.
Your stone body is very resilient (AC +3).
You resist negative energy.
You are resistant to electric shocks.
You can survive without breathing.
You are immune to petrification.
You are immune to rotting.


Message History

You smell something rotten. (slot i) Sigmund the Dreaded comes into view.
He is wielding a scythe.
Sigmund casts a spell.
Sigmund flickers and vanishes!
Deactivating autopickup; reactivate with Ctrl-A.
You closely miss something.
Your shield and scale mail prevent you from hitting something.
Something hits you!
You closely miss something. Something hits you.
You miss something.
You hear some strange, mumbled words.
The puff of flame hits you!
* * * LOW HITPOINT WARNING * * *
Your shield and scale mail prevent you from hitting something.
Something hits you.
* * * LOW HITPOINT WARNING * * *
You miss something.
You hear some strange, mumbled words.
The puff of flame hits you!
You die...

. #.# #.# #.# ##
#.# .#
#.#######.##
#####.#.....#..#
#>......###.@..##
#.#....## ##....#
####.....##
##...# #...)...##
#..# #.##...##
#..# #.##..## #.#
#.##..# .#
##.##..## #
<..##...###..


There were no monsters in sight!

Vanquished Creatures
  3 adders (D:2)
  An ooze (D:1)
  5 hobgoblins
  10 jackals
  A quokka (D:2)
  A ball python (D:2)
  A bat (D:1)
  A giant newt (D:1)
  6 goblins
  5 kobolds
  A rat (D:2)
35 creatures vanquished.

Notes
Turn   | Place    | Note
--------------------------------------------------------------
     0 | D:1      | Kenran, the Gargoyle Fighter, began the quest for the Orb.
     0 | D:1      | Reached XP level 1. HP: 14/14 MP: 1/1
    67 | D:1      | Reached XP level 2. HP: 16/19 MP: 2/2
   308 | D:1      | Found a shimmering altar of Xom.
   324 | D:1      | Found a shimmering altar of Xom.
   338 | D:1      | Found a shimmering altar of Xom.
   705 | D:2      | Reached XP level 3. HP: 23/23 MP: 3/3
  1023 | D:2      | Found an opulent altar of Gozag.
  1116 | D:2      | Reached skill level 4 in Maces & Flails
  1154 | D:2      | Reached XP level 4. HP: 12/28 MP: 4/4
  1391 | D:2      | Noticed Sigmund
  1398 | D:2      | Killed from afar by Sigmund

Action                   |  1- 3 |  4- 6 || total
-------------------------+-------+-------++-------
Melee: Flail             |   150 |    10 ||   160
  Use: Scroll            |     4 |       ||     4
       Potion            |     1 |       ||     1
